 Dungeon Crawl Stone Soup version 0.21.1-1-g345015f (webtiles) character file.

632 teukkam the Covered (level 7, 0/62 HPs)
             Began as a Minotaur Fighter on Feb 19, 2018.
             Slain by Grinder (7 damage)
             ... on level 5 of the Dungeon.
             The game lasted 00:09:04 (2598 turns).

teukkam the Covered (Minotaur Fighter)              Turns: 2598, Time: 00:09:05

Health: 0/62       AC:  7    Str: 23    XL:     7   Next: 24%
Magic:  6/6        EV:  8    Int:  5    God:
Gold:   236        SH: 10    Dex:  9    Spells: 6/6 levels left

rFire    . . .     SeeInvis .   a - +0 war axe
rCold    . . .     Gourm    .   c - +0 shield
rNeg     . . .     Faith    .   b - +0 scale mail
rPois    .         Spirit   .   (helmet restricted)
rElec    .         Reflect  .   (no cloak)
rCorr    .         Harm     .   (no gloves)
MR       .....                  (no boots)
Stlth    ..........             (no amulet)
HPRegen  0.20/turn              (no ring)
MPRegen  0.10/turn              (no ring)

@: marked
A: retaliatory headbutt, horns 2
a: no special abilities


You were on level 5 of the Dungeon.
You were not hungry.

You visited 1 branch of the dungeon, and saw 5 of its levels.

You collected 236 gold pieces.

Inventory:

Hand Weapons
 a - a +0 war axe (weapon)
 k - a +0 dagger of distortion
Missiles
 v - 3 tomahawks (quivered)
Armour
 b - a +0 scale mail (worn)
 c - a +0 shield (worn)
Jewellery
 t - an uncursed amulet of magic regeneration {unknown}
Wands
 l - a wand of polymorph (12)
 p - a wand of digging (11)
 q - a wand of paralysis (13)
 u - a wand of random effects (27)
Scrolls
 e - 5 scrolls of remove curse {unknown}
 g - 4 scrolls of identify {unknown}
 m - 2 scrolls of teleportation {unknown}
 o - a scroll of blinking {unknown}
 r - a scroll of enchant armour {unknown}
 s - 2 scrolls of fog {unknown}
Potions
 d - 2 potions of might
 h - 3 potions of lignification {unknown}
 i - 3 potions of ambrosia {unknown}
 j - 2 potions of heal wounds {unknown}
 n - a potion of curing {unknown}
Comestibles
 f - 4 rations


   Skills:
 + Level 5.9 Fighting
 + Level 5.2 Axes
 + Level 6.0 Armour
 + Level 5.9 Shields


You had 6 spell levels left.
You didn't know any spells.

Dungeon Overview and Level Annotations

Branches:
Dungeon (5/15)
 Temple: D:4-7

Altars:
Elyvilon
Gozag

Annotations:
D:5 Agrougrou's ghost, novice FoFi; Eustachio; Grinder


Innate Abilities, Weirdness & Mutations

You reflexively headbutt those who attack you in melee.
You have a pair of horns on your head.


Message History

Grinder gestures at you. You resist with significant effort.
Grinder blinks!
Grinder gestures at you. You resist with significant effort.
Grinder gestures at you. Pain shoots through your body!
* * * LOW HITPOINT WARNING * * *
Grinder gestures at you.
You suddenly lose the ability to move!
Grinder gestures at you.
You shrug off the repeated paralysis!
You can move again.
The alarm trap emits a blaring wail!
A sentinel's mark forms upon you.
You hear a shout! x3
You closely miss Grinder.
Grinder is almost dead.
Grinder hits you!
You die...

#......##.####
##.._........#
#........##.#
#........##.##
#.#..........###
#.#...).........
#.#..........#
#.##..)##.#####
#. #.()....@..#
#. #.)(.†♣.5..#
#. ##.##P)≈≈..##
.....P≈≈≈≈≈..#
###.##≈..≈≈≈.#
#.#.≈≈≈≈≈≈♣#
#.#♣≈≈≈≈≈P.#
#>..≈.≈≈≈≈.#
##..≈≈≈≈≈≈♣#


You could see Grinder.

Vanquished Creatures
  A hungry ghost (D:4)
  An ice beast (D:5)
  2 hounds (D:4)
  An orc wizard (D:5)
  3 bullfrog skeletons (D:5)
  A centaur skeleton (D:4)
  2 worker ants
  3 gnolls (D:4)
  6 adders
  2 oozes (D:2)
  3 worms
  A leopard gecko (D:2)
  11 orcs
  5 bats
  2 giant cockroaches
  3 goblins
  6 hobgoblins
  4 jackals
  A ball python (D:3)
  A frilled lizard (D:2)
  A jackal skeleton (D:4)
  4 kobolds
  3 rats
67 creatures vanquished.

Notes
Turn   | Place    | Note
-------+----------+-------------------------------------------
     0 | D:1      | teukkam the Minotaur Fighter began the quest for the Orb.
     0 | D:1      | Reached XP level 1. HP: 19/19 MP: 0/0
    18 | D:2      | Reached XP level 2. HP: 24/27 MP: 1/1
    50 | D:2      | Reached skill level 4 in Armour
   145 | D:2      | Reached XP level 3. HP: 33/33 MP: 2/2
   539 | D:3      | Reached XP level 4. HP: 33/40 MP: 3/3
   577 | D:3      | Found a white marble altar of Elyvilon.
  1111 | D:4      | Reached XP level 5. HP: 46/47 MP: 4/4
  1199 | D:4      | Reached skill level 5 in Armour
  1199 | D:4      | Reached skill level 5 in Shields
  1201 | D:4      | Reached skill level 5 in Fighting
  1659 | D:4      | Noticed a hungry ghost
  1679 | D:4      | Killed a hungry ghost
  1679 | D:4      | Reached XP level 6. HP: 56/56 MP: 5/5
  2197 | D:5      | Entered Level 5 of the Dungeon
  2268 | D:5      | Noticed an ice beast
  2284 | D:5      | Killed an ice beast
  2284 | D:5      | Reached skill level 5 in Axes
  2284 | D:5      | Reached XP level 7. HP: 17/62 MP: 6/6
  2362 | D:5      | Noticed Agrougrou's ghost (novice FoFi)
  2371 | D:5      | Noticed Eustachio
  2532 | D:5      | Found an opulent altar of Gozag.
  2548 | D:5      | Noticed Grinder
  2555 | D:5      | Reached skill level 6 in Armour
  2568 | D:5      | Paralysed by Grinder for 4 turns
  2591 | D:5      | Paralysed by Grinder for 5 turns
  2598 | D:5      | Slain by Grinder

Skill      XL: |  1  2  3  4  5  6  7 |
---------------+----------------------+-----
Armour         | 4 5 6 |  6.0
Shields        | 4 5 |  5.9
Fighting       | 4 5 |  5.9
Axes           | 3 4 5 |  5.2

Action                   |  1- 3 |  4- 6 |  7- 9 || total
-------------------------+-------+-------+-------++-------
Melee: War axe           |    67 |   113 |    18 ||   198
       Headbutt          |     5 |    14 |     6 ||    25
Throw: Tomahawk          |       |       |     3 ||     3
  Eat: Chunk             |       |     2 |       ||     2
       Ration            |       |     2 |     1 ||     3
Armor: Scale mail        |    31 |    43 |     4 ||    78
Dodge: Dodged            |    26 |    31 |     4 ||    61
Block: Shield            |    47 |    63 |     6 ||   116
